 Dungeon Crawl Stone Soup version 0.20.0-8-g6b59dc7 (webtiles) character file.

233 cereshysteria the Poker (level 5, -3/41 HPs)
             Began as a Demonspawn Fighter on May 31, 2017.
             Slain by an ogre
             ... wielding a cursed -3 giant spiked club
              (14 damage)
             ... on level 4 of the Dungeon.
             The game lasted 00:04:53 (2286 turns).

cereshysteria the Poker (Demonspawn Fighter)        Turns: 2286, Time: 00:04:54

Health: -3/41      AC:  8    Str: 16    XL:     5   Next: 74%
Magic:  0/5        EV:  7    Int:  9    God:
Gold:   105        SH:  0    Dex: 14    Spells: 4/4 levels left

rFire    . . .     SeeInvis .   a - +0 trident
rCold    . . .     Gourm    .   c - +1 shield
rNeg     . . .     Faith    .   b - +0 scale mail
rPois    .         Spirit   +   (helmet restricted)
rElec    .         Reflect  .   (no cloak)
rCorr    .         Harm     .   (no gloves)
MR       .....                  (no boots)
Stlth    ..........             r - amulet of regeneration
Regen    0.2/turn               (no ring)
MPRegen  0.1/turn               (no ring)

@: confused
A: antennae 1, iridescent scales 1, magic shield
a: no special abilities


You were on level 4 of the Dungeon.
You were not hungry.

You visited 1 branch of the dungeon, and saw 4 of its levels.

You collected 105 gold pieces.

Inventory:

Hand Weapons
 a - a +0 trident (weapon)
Armour
 b - a +0 scale mail (worn)
 c - a +1 shield (worn)
Jewellery
 r - an amulet of regeneration (around neck)
Wands
 u - a wand of flame (48/48)
Scrolls
 e - 2 scrolls of identify
 l - 2 scrolls of amnesia
 n - 2 scrolls of remove curse
Potions
 d - 2 potions of might
 j - a potion of mutation {unknown}
 m - a potion of curing {unknown}
 o - a potion of magic {unknown}
 q - 2 potions of heal wounds {unknown}
 t - a potion of lignification {unknown}
Comestibles
 f - a bread ration
 i - a royal jelly
 k - 2 meat rations


   Skills:
 - Level 3.0 Fighting
 * Level 4.8 Polearms
 - Level 2.6 Armour
 + Level 3.8 Shields


You had 4 spell levels left.
You didn't know any spells.

Dungeon Overview and Level Annotations

Branches:
Dungeon (4/15)
 Temple: D:4-7

Altars:


Innate Abilities, Weirdness & Mutations

You have a pair of small antennae on your head.
You are partially covered in iridescent scales. (AC +2)
When hurt, damage is shared between your health and your magic reserves.


Message History

The ogre hits you with a giant spiked club!
* * * LOW HITPOINT WARNING * * *
The hound bites you.
* * * LOW HITPOINT WARNING * * *
You climb downwards.
You hear the hiss of flowing sand.
There is an entrance to an ossuary on this level.
Hurry and find it before the portal is buried!
A jackal comes into view.
The jackal barks!
There is a stone staircase leading up, spattered with blood here.
You are confused.
You feel invigorated. The hound barely misses you.
The ogre hits you with a giant spiked club.
* * * LOW HITPOINT WARNING * * *
An ooze comes into view.
Magic restored.
The hound pauses to sniff the ground.
The hound bites you but does no damage. The hound completely misses you.
The ogre hits you with a giant spiked club!!
You die...

####......#.#...##
.......... .......
../#.....##.......
###...............
.........##†......
.............(....
.....=!#...)......
####.##.?h.#..###.
.........@....#
....(.#####Oh.....
...... #..##..
..... #.# . ...
... ... ..J ..##
.#


You could see an ogre, a hound, an ooze and a jackal.

Vanquished Creatures
  2 jellies (D:3)
  A gnoll (D:1)
  4 adders
  8 oozes
  2 worms (D:3)
  A dart slug (D:2)
  2 leopard geckos
  6 bats
  2 giant cockroaches (D:1)
  12 goblins
  5 hobgoblins
  9 jackals
  8 frilled lizards
  14 kobolds
  A quokka skeleton (D:4)
  7 rats
84 creatures vanquished.

Vanquished Creatures (others)
  10 fungi (D:3)
  6 toadstools (D:3)
16 creatures vanquished.

Grand Total: 100 creatures vanquished

Notes
Turn   | Place    | Note
-------+----------+-------------------------------------------
     0 | D:1      | cereshysteria the Demonspawn Fighter began the quest for the Orb.
     0 | D:1      | Reached XP level 1. HP: 18/18 MP: 1/1
    89 | D:1      | Reached skill level 2 in Polearms
   224 | D:1      | Gained mutation: When hurt, damage is shared between your health and your magic reserves. [demonic ancestry]
   224 | D:1      | Reached XP level 2. HP: 17/24 MP: 2/2
   428 | D:1      | Gained mutation: You are partially covered in iridescent scales. (AC +2) [demonic ancestry]
   428 | D:1      | Reached XP level 3. HP: 25/29 MP: 3/3
   626 | D:1      | Reached skill level 3 in Polearms
  1594 | D:3      | Gained mutation: You have a pair of small antennae on your head. [demonic ancestry]
  1594 | D:3      | Reached XP level 4. HP: 35/35 MP: 4/4
  2085 | D:3      | Reached skill level 4 in Polearms
  2121 | D:3      | Reached XP level 5. HP: 31/41 MP: 5/5
  2267 | D:4      | Noticed an ogre
  2286 | D:4      | Slain by an ogre

Skill      XL: |  1  2  3  4 |
---------------+-------------+-----
Polearms       | 2 3 4 |  4.8
Shields        | 3 |  3.8
Fighting       | |  3.0
Armour         | |  2.6

Action                   |  1- 3 |  4- 6 || total
-------------------------+-------+-------++-------
Melee: Trident           |   180 |   159 ||   339
  Use: Scroll            |     5 |     4 ||     9
       Potion            |       |     1 ||     1
  Eat: Chunk             |     2 |     3 ||     5
Armor: Scale mail        |    87 |    87 ||   174
Dodge: Dodged            |    48 |    49 ||    97
Block: Shield            |    86 |    82 ||   168
